 Dungeon Crawl Stone Soup version 0.26-a0-712-ga5a9c9c9d0 (webtiles) character file.

Game seed: 5356047498817908200

4672 Azzok the Warmonger (level 10, -7/106 HPs)
             Began as a Demonspawn Fighter on Nov 3, 2020.
             Was an Elder of Okawaru.
             Mangled by a two-headed ogre
             ... wielding a cursed -3 giant club
              (14 damage)
             ... on level 8 of the Dungeon.
             The game lasted 00:09:45 (7460 turns).

Azzok the Warmonger (Demonspawn Fighter)            Turns: 7460, Time: 00:09:46

Health: -7/106     AC: 25    Str: 26    XL:     10   Next: 21%
Magic:  17/17      EV:  2    Int: 10    God:    Okawaru [****..]
Gold:   291        SH: 14    Dex: 16    Spells: 9/9 levels left

rFire    . . .     SeeInvis .   l - +0 hand axe (venom)
rCold    . . .     Faith    .   c - +0 kite shield
rNeg     + + +     Spirit   .   (armour currently unavailable)
rPois    +         Reflect  .   (helmet currently unavailable)
rElec    .         Harm     .   (cloak currently unavailable)
rCorr    .         Rampage  .   (gloves currently unavailable)
MR       .....     NoTele   +   (boots unavailable)
Stlth    +++++.....             o - amulet of the acrobat
HPRegen  0.27/turn              G - +6 ring of strength
MPRegen  0.15/turn              J - ring of poison resistance

@: mighty, tree-form, heroism
A: thin skeletal structure 2, powered by death 1
a: Heroism, Renounce Religion


You were on level 8 of the Dungeon.
You worshipped Okawaru.
Okawaru was greatly pleased with you.
You were a tree.
You visited 2 branches of the dungeon, and saw 9 of its levels.
You also visited: Ossuary.

You collected 471 gold pieces.
You spent 180 gold pieces at shops.

Inventory:

Hand Weapons
 a - a +0 dagger of electrocution
 l - a +0 hand axe of venom (weapon)
 y - a +2 antimagic war axe
 H - a +0 whip of flaming
 L - a +0 broad axe
Armour
 c - a +0 kite shield (worn)
 s - a +0 cloak (melded)
 x - a +0 helmet (melded)
 B - the +0 chain mail "Xyalimn" (melded) {rC+}
   (You bought it in a shop on level 5 of the Dungeon)

   It protects you from cold.
Jewellery
 o - an amulet of the acrobat (around neck)
 G - a +6 ring of strength (left branch)
 J - a ring of poison resistance (right branch)
Wands
 q - a wand of paralysis (6)
Scrolls
 e - 3 scrolls of fog {unknown}
 g - 3 scrolls of magic mapping {unknown}
 h - 3 scrolls of identify
 j - 3 scrolls of enchant armour {unknown}
 k - 8 scrolls of remove curse {unknown}
 p - 2 scrolls of enchant weapon {unknown}
 t - 3 scrolls of immolation {unknown}
 u - 2 scrolls of noise {unknown}
 v - 5 scrolls of teleportation {unknown}
 A - a scroll of blinking {unknown}
 C - a scroll of vulnerability {unknown}
 F - a scroll of amnesia {unknown}
 I - a scroll of fear {unknown}
Potions
 b - 3 potions of stabbing {unknown}
 d - 4 potions of might
 f - 3 potions of lignification
 i - 3 potions of heal wounds {unknown}
 m - 2 potions of brilliance {unknown}
 n - 8 potions of curing {unknown}
 r - a potion of degeneration {unknown}
 w - 2 potions of magic
 z - a potion of flight
 D - a potion of cancellation {unknown}
 E - a potion of haste {unknown}
 K - a potion of resistance


   Skills:
 - Level 4.0(9.0) Fighting
 + Level 8.1(13.1) Axes
 - Level 2.6(7.6) Armour
 + Level 8.7(13.7) Shields
 + Level 10.2 Invocations


You had 9 spell levels left.
You didn't know any spells.
Your spell library contained the following spells:

 Spells                   Type           Power        Failure   Level
 Beastly Appendage        Tmut           #.....       41%         1
 Magic Dart               Conj           #...         41%         1
 Blink                    Tloc           N/A          54%         2
 Call Imp                 Summ           #.......     54%         2
 Slow                     Hex            #.......     54%         2
 Wereblood                Tmut           #.......     54%         2
 Conjure Flame            Conj/Fire      #.......     78%         3
 Mephitic Cloud           Conj/Pois/Air  #.......     78%         3
 Spider Form              Tmut/Pois      #.........   78%         3
 Ice Form                 Ice/Tmut       #.......     99%         4
 Blade Hands              Tmut           #.........   100%        5


Dungeon Overview and Level Annotations

Branches:
Dungeon (8/15)             Temple (1/1) D:4         Ossuary (visited)
   Lair: D:8-11

Altars:
Ashenzari
Cheibriados
Fedhas
Gozag
Hepliaklqana
Makhleb
Nemelex Xobeh
Okawaru
Trog
Uskayaw
Wu Jian
Yredelemnul
Zin
The Shining One

Shops:
D:5 [


Innate Abilities, Weirdness & Mutations

((You have claws for feet.))
You have a moderately thin skeletal structure. (Dex +4, Stealth+)
You regenerate a little health from kills.
((You are partially covered in sharp spines.))


Message History

The quasit bites you but does no damage.
The quasit claws you but does no damage. x2
You feel very mighty all of a sudden.
The quasit bites you but does no damage.
You block the quasit's attack. x2
The two-headed ogre hits you but does no damage.
You block the two-headed ogre's attack.
You slash the two-headed ogre!
The two-headed ogre looks as sick as possible!
The two-headed ogre is moderately wounded.
You hit the quasit. You block the quasit's attack.
The quasit claws you but does no damage. x2
An orc comes into view. It is wielding a +0 flail.
The orc shouts!
You hit the two-headed ogre.
The two-headed ogre looks as sick as possible!
The two-headed ogre is heavily wounded.
You hit the quasit.
The quasit is poisoned.
The two-headed ogre hits you with a cursed -3 giant club!
You die...

▒▒▒▒▒▒
·····▒▒▒▒▒▒▒▒▒▒▒▒▒
▒▒··········†o·)o▒
▒▒·▒▒▒▒▒▒▒·▒▒▒▒▒O▒
▒··▒ ▒▒▒·▒ ▒♣▒ ▒··▒
▒···▒ ▒5▒ ···▒
▒···▒ ▒▒▒T▒▒▒▒▒
▒··▒ ▒···▒
▒·ooo···▒ ▒··▒
▒▒▒·▒ ▒·▒·▒▒▒·▒
▒··▒▒▒▒▒▒▒·▒▒▒·▒··▒
▒····)·······▒ ▒▒·▒
▒▒▒···▒▒·····▒ o·
▒··▒▒▒·····▒ ▒··


You could see a two-headed ogre (extremely poisoned), a troll, a quasit (very
poisoned) and 5 orcs.

Vanquished Creatures
  Pikel (D:6)
  Edmund (D:4)
  A water moccasin (D:6)
  Purgy (D:4)
  2 black bears
  An orc warrior (D:8)
  An ice beast (D:7)
  An ogre (D:8)
  An eye of draining (D:4)
  3 phantoms
  A sky beast (D:8)
  5 centaurs
  3 bullfrogs
  15 scorpions
  A howler monkey (D:5)
  9 wights
  A centaur zombie (D:5)
  2 hounds
  4 orc priests
  3 human zombies (Ossuary)
  3 jellies
  A bullfrog skeleton (D:8)
  5 iguanas
  8 orc wizards
  3 worker ants
  2 big kobold zombies (Ossuary)
  2 hound skeletons
  3 mummies (Ossuary)
  A worker ant zombie (D:5)
  12 gnolls
  4 adders
  4 scorpion zombies (Ossuary)
  A shadow imp (D:8)
  3 white imps
  An ufetubus (D:8)
  2 oozes
  An adder zombie (D:7)
  A worm (D:6)
  2 dart slugs
  6 leopard geckos
  29 orcs
  4 giant cockroaches
  3 gnoll zombies (Ossuary)
  5 goblins
  4 hobgoblins
  10 jackals
  7 kobolds
  6 quokkas
  4 bats
  8 frilled lizards
  A goblin skeleton (D:5)
  A goblin zombie (Ossuary)
  4 hobgoblin zombies
  A jackal skeleton (D:4)
  A kobold skeleton (D:5)
  4 kobold zombies
  An orc skeleton (D:5)
  3 orc zombies
  A quokka zombie (D:7)
  8 rats
227 creatures vanquished.

Notes
Turn   | Place    | Note
-------+----------+-------------------------------------------
     0 | D:1      | Azzok the Demonspawn Fighter began the quest for the Orb.
     0 | D:1      | Reached XP level 1. HP: 18/18 MP: 1/1
   333 | D:1      | Gained mutation: You have a somewhat thin skeletal
                  | structure. (Dex +2, Stealth) [demonic ancestry]
   333 | D:1      | Reached XP level 2. HP: 20/24 MP: 2/2
   557 | D:1      | Gained mutation: You have sharp toenails. [demonic
                  | ancestry]
   557 | D:1      | Reached XP level 3. HP: 27/29 MP: 3/3
  1282 | D:2      | Gained mutation: You have a moderately thin skeletal
                  | structure. (Dex +4, Stealth+) [demonic ancestry]
  1282 | D:2      | Reached XP level 4. HP: 37/37 MP: 4/4
  1518 | D:2      | You fall into a shaft and drop 1 floor!
  2013 | D:3      | Reached XP level 5. HP: 29/42 MP: 5/5
  2374 | D:4      | Found a staircase to the Ecumenical Temple.
  2475 | Temple   | Entered the Ecumenical Temple
  2516 | Temple   | Became a worshipper of Warmaster Okawaru
  2547 | D:4      | Noticed Edmund
  2557 | D:4      | Killed Edmund
  2557 | D:4      | Reached skill level 1 in Invocations
  2557 | D:4      | Gained mutation: You have razor-sharp toenails. [demonic
                  | ancestry]
  2557 | D:4      | Reached XP level 6. HP: 25/48 MP: 5/7
  2785 | D:4      | Reached skill level 2 in Invocations
  2890 | D:4      | Reached * piety under Okawaru
  3108 | D:4      | Noticed Purgy
  3117 | D:4      | Killed Purgy
  3117 | D:4      | Reached skill level 5 in Shields
  3117 | D:4      | Reached skill level 3 in Invocations
  3117 | D:4      | Reached XP level 7. HP: 43/54 MP: 7/9
  3565 | D:4      | Found a bloodstained altar of Trog.
  3578 | D:4      | Reached skill level 4 in Invocations
  3630 | D:4      | Reached ** piety under Okawaru
  3643 | D:5      | Entered Level 5 of the Dungeon
  3666 | D:5      | Noticed a +0 hand axe
  3666 | D:5      | Noticed a +0 hand axe
  3670 | D:5      | Found a hide-covered altar of Uskayaw.
  4138 | D:5      | Reached skill level 5 in Axes
  4138 | D:5      | Reached skill level 5 in Invocations
  4181 | D:5      | Identified the +1 robe of Ennui {rC+++ Str-4 Dex+6 Stlth-}
  4190 | D:5      | Gained mutation: You regenerate a little health from kills.
                  | [demonic ancestry]
  4190 | D:5      | Reached XP level 8. HP: 54/60 MP: 4/12
  4236 | D:5      | Found a glowing golden altar of the Shining One.
  4355 | D:5      | Found Eshriugi's Antique Armour Emporium.
  4363 | D:5      | Bought a slimy chain mail for 180 gold pieces
  4363 | D:5      | Identified the +0 chain mail "Xyalimn" {rC+} (You bought it
                  | in a shop on level 5 of the Dungeon)
  4580 | D:6      | Reached skill level 6 in Invocations
  4605 | D:6      | Found a sand-covered staircase.
  4611 | Ossuary  | Entered an ossuary
  4790 | Ossuary  | Reached *** piety under Okawaru
  4890 | Ossuary  | Reached skill level 7 in Invocations
  4954 | Ossuary  | Received a gift from Okawaru
  5387 | Ossuary  | Gained mutation: You are partially covered in sharp spines.
                  | [demonic ancestry]
  5387 | Ossuary  | Reached XP level 9. HP: 54/65 MP: 4/14
  5874 | D:6      | Reached skill level 8 in Invocations
  5914 | D:6      | Noticed Pikel
  5927 | D:6      | Killed Pikel
  5927 | D:6      | Reached **** piety under Okawaru
  5984 | D:6      | Reached skill level 9 in Invocations
  6786 | D:7      | Gained mutation: You have claws for feet. [demonic
                  | ancestry]
  6786 | D:7      | Reached XP level 10. HP: 71/71 MP: 17/17
  6792 | D:7      | Reached ***** piety under Okawaru
  7328 | D:8      | Reached skill level 10 in Invocations
  7445 | D:8      | Noticed a two-headed ogre
  7457 | D:8      | HP: 5/106 [two-headed ogre/cursed -3 giant club (25)]
  7460 | D:8      | Mangled by a two-headed ogre

Illustrated notes

Levels and vault maps discovered:
D:1:      shiori_arrival_whats_in_store_for_you, layout_basic
D:2:      layout_basic
D:3:      minmay_wonky_spiral, layout_rooms
D:4:      layout_loops_ring, trog_eyes_of_draining, minmay_temple_entry_waves,
          uniq_purgy, uniq_edmund
D:5:      layout_cave_pools, dancing_weapons_uskayaw, serial_shops,
          nicolae_shop_overgrown_old_shop, nicolae_tso_besieged_by_evil
D:6:      layout_rooms, lightli_ossuary_entry_decrepit_ruins, kennysheep_boxes,
          uniq_pikel
D:7:      layout_gridville
D:8:      layout_loops_cross, uniq_prince_ribbit1
Temple:   nicolae_temple_elliptical

Skill      XL: |  1  2  3  4  5  6  7  8  9 10 |
---------------+-------------------------------+-----
Shields        | 3 4 5 6 7 8 |  8.7
Axes           | 2 3 4 5 6 7 8 |  8.1
Fighting       | 4 |  4.0
Invocations    | 1 3 5 7 9 10 | 10.2
Armour         | |  2.6

Action                   |  1- 3 |  4- 6 |  7- 9 | 10-12 || total
-------------------------+-------+-------+-------+-------++-------
Melee: War axe           |   111 |    97 |   227 |       ||   435
       Kick              |    15 |    28 |   137 |    29 ||   209
       Hand axe          |       |       |   137 |    70 ||   207
Invok: Heroism           |       |       |     2 |     1 ||     3
  Use: Scroll            |       |       |     4 |       ||     4
       Potion            |       |       |       |     2 ||     2
Armor: Scale mail        |    58 |       |       |       ||    58
       Plate armour      |     2 |    50 |    62 |       ||   114
       Chain mail        |       |       |    92 |    19 ||   111
       Skin              |       |       |       |     7 ||     7
Dodge: Dodged            |    37 |    20 |    84 |    27 ||   168
Block: Kite shield       |    52 |    50 |   212 |    53 ||   367

Table legend: (Time is in decaauts)
 A = Elapsed time spent in this place.
 B = Non-inter-level travel time spent in this place.
 C = Inter-level travel time spent in this place.
 D = Time resting spent in this place.
 E = Time spent auto-exploring this place.
 F = Levels seen in this place.
 G = Mean time per level.
                   A        B        C        D        E       F      G
               +--------+--------+--------+--------+--------+-----+--------+
         Total |   7615 |   7388 |    227 |   1207 |   4616 |  10 |  761.5 |
       Dungeon |   6605 |   6407 |    198 |    748 |   4316 |   8 |  825.6 |
        Temple |     70 |     41 |     29 |      0 |     35 |   1 |   70.0 |
       Ossuary |    939 |    939 |      0 |    459 |    265 |   1 |  939.0 |
               +--------+--------+--------+--------+--------+-----+--------+

Top non-repeatable levels by time:
     D:4: 1156 daAuts
     D:6: 1039 daAuts
     D:1: 983 daAuts
     D:3: 954 daAuts
 Ossuary: 939 daAuts
     D:7: 895 daAuts
     D:5: 848 daAuts
     D:2: 591 daAuts
     D:8: 136 daAuts
  Temple: 70 daAuts
